AoeStats
← Bandolero

Black Forest

508725523Analyzed
4v4 RM · 9d ago on Sep 23, 2026· 24m 36s· 8 players
Game mode
Random Map
Map size
Large (8 player)
Population
200
Speed
Normal
Resources
Standard
Victory
Conquest
Starting age
Dark Age
Ending age
Imperial Age
RankedLock teamsTeams togetherTeam positionsShared explorationLock speedFull tech treeHidden civsTurbo modeCheats
Victory
Defeat
🇺🇸 Italians · United States
1792
+9
🇵🇪 Magyars · Peru
1741
+11
🇲🇽 Gurjaras · Mexico
1718
+12
🇳🇱 Varangians · Netherlands
1515
+21
🇩🇪 Khmer · Germany
1710
-17
🇸🇻 Danes · El Salvador
1632
-13
🇦🇷 Italians · Argentina
1591
-12
🇫🇷 Bohemians · France
1583
-11
RohanAoE
10:37 Feudal Age
14:33 Castle Age
12:33 Double-Bit Axe
12:49 Horse Collar
18:29 Wheelbarrow
Dark Horse
5:35 Loom
12:20 Feudal Age
12:45 Double-Bit Axe
21:50 Castle Age
19:42 Fishing Lines
20:59 Scale Mail Armor
21:09 Forging
22:05 Pikeman
23:23 Iron Casting
23:04 Chain Mail Armor
23:03 Bow Saw
23:26 Gillnets
23:58 Squires
24:14 Fervor
[Liiit] Zbyszek
1:07 Loom
12:25 Feudal Age
13:14 Feudal Age
17:20 Castle Age
15:14 Fishing Lines
15:36 Double-Bit Axe
15:48 Horse Collar
18:10 Bow Saw
18:16 Gillnets
20:30 Scale Barding Armor
21:50 Light Cavalry
22:41 Bloodlines
22:31 Husbandry
22:58 Forging
Bandolero
0:54 Loom
12:09 Feudal Age
13:05 Double-Bit Axe
17:03 Castle Age
19:45 Bow Saw
20:24 Wheelbarrow
quesarito
0:26 Loom
10:11 Feudal Age
11:08 Double-Bit Axe
15:39 Fletching
17:17 Padded Archer Armor
17:48 Horse Collar
23:51 Castle Age
24:40 Thumb Ring
24:30 Bodkin Arrow
24:32 Crossbowman
Window_of_Opportunity
0:44 Loom
13:45 Feudal Age
18:03 Castle Age
16:11 Double-Bit Axe
16:14 Fishing Lines
19:51 Bow Saw
22:43 Gillnets
24:43 Wheelbarrow
§Y¶# Ä
2:16 Loom
9:44 Feudal Age
11:48 Double-Bit Axe
15:50 Castle Age
23:54 Horse Collar
Eugenius
12:07 Feudal Age
13:52 Double-Bit Axe
16:13 Castle Age
14:05 Horse Collar
15:10 Bloodlines
16:15 Light Cavalry
17:54 Husbandry
20:32 Scale Barding Armor
23:43 Chain Barding Armor
Connection lost

Rejoining the realm…

Still unreachable

The connection could not be restored.

Session expired

The server has moved on; the page needs a fresh start.